 Dungeon Crawl Stone Soup version 0.20-a0-830-g2c9a30d (webtiles) character file.

63 M4edhros the Skirmisher (level 4, 0/31 HPs)
             Began as an Octopode Fighter on Mar 7, 2017.
             Succumbed to an adder's poison
             ... on level 2 of the Dungeon.
             The game lasted 00:00:43 (708 turns).

M4edhros the Skirmisher (Octopode Fighter)           Turns: 708, Time: 00:00:44

Health: 0/31       AC:  1    Str: 13 (15) XL:     4   Next: 10%
Magic:  4/4        EV: 11    Int:  7 (10) God:
Gold:   35         SH:  8    Dex: 10 (12) Spells: 3/3 levels left

rFire    + . .     SeeInvis .   a - +0 long sword
rCold    + . .     Gourm    .   b - +0 shield
rNeg     . . .     Faith    .   (helmet restricted)
rPois    +         Spirit   .   (no amulet)
rElec    +         Reflect  .   (no ring)
rCorr    +         Harm     .   (no ring)
MR       .....                  (no ring)
Stlth    ++........             (no ring)
Regen    0.1/turn               (no ring)
MPRegen  0.1/turn               (no ring)
                                (no ring)
                                (no ring)

@: lethally poisoned (0 -> -1), resistant
A: almost no armour, stealthy swim, amphibious, 8 rings, constrict 8, camouflage
1, gelatinous body 1
a: no special abilities


You were on level 2 of the Dungeon.
You were not hungry.

You visited 1 branch of the dungeon, and saw 2 of its levels.

You collected 35 gold pieces.

Inventory:

Hand Weapons
 a - a +0 long sword (weapon)
Armour
 b - a +0 shield (worn)
Scrolls
 e - 2 scrolls of remove curse {unknown}
 f - 2 scrolls of enchant weapon {unknown}
 i - a scroll of teleportation {unknown}
 j - a scroll of amnesia {unknown}
 k - a scroll of enchant armour {unknown}
Potions
 c - 2 potions of might
Comestibles
 d - a bread ration
 l - a royal jelly


   Skills:
 + Level 3.5 Fighting
 * Level 3.0 Long Blades
 + Level 3.4 Dodging
 + Level 3.4 Shields


You had 3 spell levels left.
You didn't know any spells.

Dungeon Overview and Level Annotations

Branches:
Dungeon (2/15)

Altars:


Innate Abilities, Weirdness & Mutations

You cannot wear most types of armour.
You are very stealthy in the water. (Stealth+)
You are amphibious.
You can wear up to eight rings at the same time.
You can use your tentacles to constrict eight enemies at once.
Your skin changes colour to match your surroundings (Stealth+).
Your rubbery body absorbs attacks. (AC +1, EV +1)


Message History

You feel weakened.
You feel dopey.
You feel clumsy.
There is a lethal amount of poison in your body!
Drop what? 11/52 slots (_ for help) (? for menu, Esc to quit)
You drop a potion of degeneration.
* * * LOW HITPOINT WARNING * * *
You feel sick.
* * * LOW HITPOINT WARNING * * *
You feel sick.
Found 11 gold pieces.
Found a stone staircase leading up.
* * * LOW HITPOINT WARNING * * *
You feel sick.
* * * LOW HITPOINT WARNING * * *
You feel sick.
Found 10 gold pieces and a bread ration.
* * * LOW HITPOINT WARNING * * *
You feel sick.
* * * LOW HITPOINT WARNING * * *
You feel sick.
Unknown command.
You die...

.####
##..........#......
....#
#...............#
.##.#
#...<..........##
.##.###............###
...................#
...................#
................##..#
.....#...........##.#
.#...#..........@# ..#
.................#
#..#
.................# .#
#................#
.................####
...............#....#
#........#..........#
#.#........#.###....#
..#.....##...#
#....###


There were no monsters in sight!

Vanquished Creatures
  3 adders (D:2)
  2 oozes (D:2)
  2 leopard geckos (D:2)
  2 hobgoblins (D:1)
  11 jackals (D:2)
  3 ball pythons (D:2)
  A frilled lizard (D:2)
  A kobold (D:2)
  A rat (D:1)
26 creatures vanquished.

Vanquished Creatures (others)
  4 toadstools (D:1)
4 creatures vanquished.

Grand Total: 30 creatures vanquished

Notes
Turn   | Place    | Note
-------+----------+-------------------------------------------
     0 | D:1      | M4edhros the Octopode Fighter began the quest for the Orb.
     0 | D:1      | Reached XP level 1. HP: 16/16 MP: 1/1
    51 | D:2      | Reached XP level 2. HP: 17/21 MP: 2/2
   422 | D:2      | Reached XP level 3. HP: 26/26 MP: 3/3
   685 | D:2      | Reached XP level 4. HP: 6/31 MP: 4/4
   700 | D:2      | HP: 1/31 [poisoned by an adder]
   708 | D:2      | Succumbed to an adder's poison

Vault maps used:
D:1:      ldierk_water_garden
D:2:      minmay_stone_trees_small

Skill      XL: |  1  2  3 |
---------------+----------+-----
Long Blades    | 3 |  3.0
Fighting       | |  3.5
Dodging        | |  3.4
Shields        | |  3.4

Action                   |  1- 3 |  4- 6 || total
-------------------------+-------+-------++-------
Melee: Long sword        |    39 |       ||    39
       Constrict         |    13 |       ||    13
       Tentacles         |     9 |       ||     9
  Use: Potion            |       |     2 ||     2
 Stab: Sleeping          |     1 |       ||     1
Armor: Skin              |     1 |       ||     1
Dodge: Dodged            |    27 |       ||    27
Block: Shield            |    24 |       ||    24
       Rpst.: Long sword |     9 |       ||     9
